 Dungeon Crawl Stone Soup version 0.29-a0-311-gcbd9eb2193 (webtiles) character file.

Game seed: 13225104765451015706

420 Leszczynek the Chopper (level 7, 3/81 HPs)
             Began as a Human Gladiator on Mar 28, 2022.
             Quit the game on level 6 of the Dungeon.
             The game lasted 00:10:54 (1148 turns).

Leszczynek the Chopper (Human Gladiator)            Turns: 1148, Time: 00:10:54

Health: 3/81       AC: 23    Str: 16    XL:     7   Next: 16%
Magic:  7/7        EV:  2    Int:  9    God:
Gold:   243        SH:  4    Dex: 14    Spells: 6/6 levels left

rFire   . . .      SeeInvis .   a - +0 war axe
rCold   . . .      Faith    .   o - +0 buckler
rNeg    . . .      Spirit   .   (body armour currently unavailable)
rPois   +          Reflect  .   (helmet currently unavailable)
rElec   .          Harm     .   (cloak currently unavailable)
rCorr   .          Rampage  .   (gloves currently unavailable)
Will    .....      NoTele   +   (boots currently unavailable)
Stlth   +.........              (no amulet)
HPRegen 0.23/turn               g - ring of flight
MPRegen 0.10/turn               (no ring)

@: lethally poisoned (3 -> 0), tree-form
A: stationary, stasis, torment immunity, boosted hp
a: no special abilities


You were on level 6 of the Dungeon.
You were a tree.
You visited 1 branch of the dungeon, and saw 6 of its levels.

You collected 243 gold pieces.

Inventory:

Hand Weapons
 a - a +0 war axe (weapon)
Missiles
 d - a throwing net
 e - a javelin
 m - 2 poisoned darts (quivered)
Armour
 b - a +0 leather armour
 c - a +0 helmet (melded)
 l - a +0 ring mail (melded)
 o - a +0 buckler (worn)
Jewellery
 g - a ring of flight (left branch)
Wands
 k - a wand of paralysis (6)
Scrolls
 f - a scroll of fear
 i - 3 scrolls of teleportation
Potions
 j - 2 potions of lignification {!q}
 n - a potion of brilliance


   Skills:
 + Level 4.0 Fighting
 * Level 5.5 Axes
 - Level 2.3 Throwing
 - Level 3.2 Dodging
 + Level 2.7 Shields


You had 6 spell levels left.
You didn't know any spells.
Your spell library contained the following spells:

 Spells                   Type           Power      Damage    Failure   Level
 Dazzling Flash           Conj/Hex       0%         N/A       85%         3
 Agony                    Necr           0%         N/A       100%        5
 Silence                  Hex/Air        0%         N/A       100%        5


Dungeon Overview and Level Annotations

Branches:
Dungeon (5/15)
 Temple: D:4-7

Altars:
Yredelemnul

Shops:
D:5 [

Annotations:
D:4 Natasha


Message History

You feel very sick.
The killer bee stings you but does no damage. x7
The killer bee barely misses you.
The killer bee stings you but does no damage.
You closely miss the killer bee.
The killer bee is almost dead.
You miss the killer bee. x2
You feel very sick.
The killer bee stings you but does no damage. x2
The killer bee stings you. x2
* * * LOW HITPOINT WARNING * * *
The killer bee stings you but does no damage. x2
Unknown command.
You miss the killer bee.
The killer bee is almost dead.
You closely miss the killer bee. You miss the killer bee.
You feel sick. The killer bee stings you.
* * * LOW HITPOINT WARNING * * *
The killer bee stings you but does no damage. x5
You block the killer bee's attack.
The killer bee stings you but does no damage.
The killer bee stings you.
* * * LOW HITPOINT WARNING * * *
Unknown command.
Unknown command.
You hit the killer bee.
You kill the killer bee!
You closely miss the killer bee. You hit the killer bee.
You feel sick. The killer bee barely misses you.
The killer bee completely misses you.
The killer bee stings you but does no damage.
You block the killer bee's attack.
The killer bee stings you but does no damage.
The killer bee stings you.
* * * LOW HITPOINT WARNING * * *
Your Fighting skill increases to level 4!
Unknown command.
Unknown command.
Enter note: really
Enter note: Are you sure you want to abandon this character and quit the game? (Confirm with "yes".)

............y...
.................
#.................
#...............
#............:
#...........# ..
#...........+ .
#.........yy#
#.........†♣#
#####...........#
##...#...........#
.....#...........#
.....#...........#
.....'...........#
.....#...........#
.....#...........#
.....#...........+


You could see 2 killer bees.

Vanquished Creatures
  Menkaure (D:5)
  A bullfrog (D:6)
  A scorpion (D:5)
  A killer bee (D:6)
  An orc priest (D:5)
  An iguana (D:6)
  Natasha (D:4)
  An adder (D:4)
  3 dart slugs
  6 orcs
  3 bats
  3 endoplasms
  3 giant cockroaches
  4 goblins
  3 hobgoblins
  4 quokkas
  2 ball pythons
  6 frilled lizards
  2 kobolds
  3 rats
50 creatures vanquished.

Notes
Turn   | Place    | Note
-------+----------+-------------------------------------------
     0 | D:1      | Leszczynek the Human Gladiator began the quest for the Orb.
     0 | D:1      | Reached XP level 1. HP: 16/16 MP: 1/1
    99 | D:1      | Reached XP level 2. HP: 22/22 MP: 2/2
   150 | D:3      | Noticed a wight
   150 | D:3      | Noticed a wight
   150 | D:3      | Noticed a wight
   151 | D:3      | XD
   151 | D:3      | +4 morningstar tho
   353 | D:2      | Reached XP level 3. HP: 27/28 MP: 3/3
   613 | D:3      | HP: 4/28 [goblin/+0 club (4)]
   614 | D:3      | deadly goblin
   619 | D:3      | immediately killed after i used a consumable
   619 | D:3      | magic!
   756 | D:4      | Reached XP level 4. HP: 23/34 MP: 4/4
   821 | D:4      | Noticed Natasha
   825 | D:4      | Killed Natasha
   826 | D:4      | Reached skill level 3 in Fighting
   829 | D:4      | Noticed Natasha
   892 | D:5      | Entered Level 5 of the Dungeon
   892 | D:5      | Found a basalt altar of Yredelemnul.
   920 | D:5      | Reached skill level 4 in Axes
   921 | D:5      | Reached skill level 1 in Shields
   921 | D:5      | Reached XP level 5. HP: 26/41 MP: 5/5
   960 | D:5      | Found Zekehe's Armour Shop.
   968 | D:5      | +3 will+ helmet
  1010 | D:5      | Noticed Menkaure
  1016 | D:5      | Killed Menkaure
  1017 | D:5      | Reached skill level 5 in Axes
  1017 | D:5      | Reached skill level 2 in Shields
  1017 | D:5      | Reached XP level 6. HP: 46/48 MP: 6/6
  1017 | D:5      | get shit on
  1035 | D:5      | You are sucked into a shaft and drop 1 floor!
  1094 | D:6      | Reached XP level 7. HP: 29/53 MP: 7/7
  1146 | D:6      | HP: 14/79 [poisoned by a killer bee]
  1147 | D:6      | HP: 6/79 [poisoned by a killer bee]
  1148 | D:6      | Reached skill level 4 in Fighting
  1148 | D:6      | really
  1148 | D:6      | Quit the game

Illustrated notes ##....z........ #......z....... #........!..... #.............. #=..z........ #...!......# #....S?....# #.....@...# ##.....#..# ####### .# # Turn 151 on D:3: XD #...♣.# #..♣..## ##...... ## #......# ... #......###.... #...........?. #......gJ..... #.....@# #......# #####.## #.# #.# #.# #.## ... #..# #.# . ##.# #.# ##.. Turn 614 on D:3: deadly goblin #...♣.# #..♣..## ##...... ## #......# ... #......###.... #...........?. #......)...... #.....@# #......# #####.## #.# #.# #.# #.## ... #..# #.# . ##.# #.# ##.. Turn 619 on D:3: immediately killed after i used a consumable ##..#.)...#..#....... #..#.)...#.###.##### #..###'###.# .# #.......†..# .# #.##.....#####+## #. #.##### ##...## ##.##.## ##.....#.# #......# ##.#.#....# #..#...####...@.....# #.........'..#.#....+ #.#....####.........# #......# ##........# ###...## ##.....#... ###.# ##$..## ## #.# ##+## #. Turn 968 on D:5: +3 will+ helmet ...#.###.##### '###.# .# #.# ..†..# .# #.# ...#####+######.###### #### ##...##......... # ##.....#.##.#..# # ##.#.#....##.#..#### ####...∩.....##<......#. ...'..#.#....'..@.(..... ####.........####...#.#> # ##........# ..## # ##.....#.......^. ##...###########. ##'## # #...# #.###.# #. ..# Turn 1017 on D:5: get shit on

............y...
.................
#.................
#...............
#............:
#...........# ..
#...........+ .
#.........yy#
#.........†♣#
#####...........#
##...#...........#
.....#...........#
.....#...........#
.....'...........#
.....#...........#
.....#...........#
.....#...........+


Turn 1148 on D:6: really

Levels and vault maps discovered:
D:1:      heliophobic_arrival_ceremonial_halls, layout_rooms,
          hellmonk_ecumenical_altar_pennies_from_heaven
D:2:      layout_loops_ring
D:3:      layout_rooms, minivault_27, chequers_mini_garden, nrook_mini_vaults
D:4:      layout_basic, xom_confusion_cloud, serial_shops, shop,
          minmay_small_thing, uniq_natasha
D:5:      layout_loops_corners, evilmike_ruin_ashenzari, amcnicky_altar_gilded,
          serial_shops, nicolae_shop_crystal, kennysheep_generic_room_9,
          uniq_menkaure
D:6:      layout_gridville, serial_shops, shop, chequers_avenue

Skill      XL: |  1  2  3  4  5  6  7 |
---------------+----------------------+-----
Fighting       | 3 4 |  4.0
Axes           | 4 5 |  5.5
Shields        | 1 2 |  2.7
Throwing       | |  2.3
Dodging        | |  3.2

Action                   |  1- 3 |  4- 6 |  7- 9 || total
-------------------------+-------+-------+-------++-------
Melee: War axe           |   110 |    49 |     9 ||   168
Throw: Throwing net      |     2 |     1 |       ||     3
       Dart              |       |     3 |       ||     3
Evoke: Wand              |       |     3 |       ||     3
  Use: Scroll            |     4 |     3 |       ||     7
       Potion            |     1 |     2 |     1 ||     4
 Stab: Paralysed         |       |    11 |       ||    11
Armor: Leather armour    |     9 |       |       ||     9
       Ring mail         |    28 |    13 |       ||    41
       Skin              |       |       |    40 ||    40
Dodge: Dodged            |    72 |    23 |     3 ||    98
Block: Buckler           |     3 |     8 |     9 ||    20

Table legend: (Time is in decaauts)
 A = Elapsed time spent in this place.
 B = Non-inter-level travel time spent in this place.
 C = Inter-level travel time spent in this place.
 D = Time resting spent in this place.
 E = Time spent auto-exploring this place.
 F = Levels seen in this place.
 G = Mean time per level.
                   A        B        C        D        E       F      G
               +--------+--------+--------+--------+--------+-----+--------+
         Total |   1240 |   1239 |      1 |      0 |      0 |   6 |  206.7 |
       Dungeon |   1240 |   1239 |      1 |      0 |      0 |   6 |  206.7 |
               +--------+--------+--------+--------+--------+-----+--------+

Top non-repeatable levels by time:
     D:3: 344 daAuts
     D:2: 239 daAuts
     D:1: 199 daAuts
     D:4: 180 daAuts
     D:5: 150 daAuts
     D:6: 127 daAuts
